 Dungeon Crawl Stone Soup version 0.21.1-1-g345015f (webtiles) character file.

505 shakethe the Grave Robber (level 7, -3/50 HPs)
             Began as a Gnoll Necromancer on Feb 10, 2018.
             Slain by Menkaure (16 damage)
             ... on level 4 of the Dungeon.
             The game lasted 00:08:46 (3393 turns).

shakethe the Grave Robber (Gnoll Necromancer)       Turns: 3393, Time: 00:08:47

Health: -3/50      AC:  8    Str: 12    XL:     7   Next: 18%
Magic:  12/15      EV: 11    Int: 17    God:
Gold:   106        SH:  0    Dex: 16    Spells: 10/17 levels left

rFire    . . .     SeeInvis .   y - +2 war axe (vamp) {!w}
rCold    . . .     Gourm    .   (no shield)
rNeg     . . .     Faith    .   h - +0 scale mail
rPois    .         Spirit   .   q - +0 helmet
rElec    .         Reflect  .   (no cloak)
rCorr    .         Harm     .   (no gloves)
MR       .....                  i - +0 pair of boots
Stlth    ++........             (no amulet)
HPRegen  1.16/turn              (no ring)
MPRegen  0.14/turn              (no ring)

@: regenerating
A: distributed training, fangs 1, strong nose
a: no special abilities


You were on level 4 of the Dungeon.
You were not hungry.

You visited 1 branch of the dungeon, and saw 4 of its levels.

You collected 106 gold pieces.

Inventory:

Hand Weapons
 d - a +0 dagger
   (You took it off a kobold on level 1 of the Dungeon)
 j - a +0 hand axe of pain
   (You found it on level 1 of the Dungeon)
 y - a +2 vampiric war axe (weapon) {!w}
   (You took it off an orc on level 3 of the Dungeon)
Missiles
 e - 86 stones (quivered)
Armour
 a - a +0 robe
 g - a +0 leather armour
   (You found it on level 1 of the Dungeon)
 h - a +0 scale mail (worn)
   (You found it on level 1 of the Dungeon)
 i - a +0 pair of boots (worn)
   (You found it on level 1 of the Dungeon)
 m - a +0 plate armour
   (You found it on level 1 of the Dungeon)
 q - a +0 helmet (worn)
   (You found it on level 2 of the Dungeon)
Jewellery
 w - an uncursed ring of flight {unknown}
   (You took it off a goblin on level 2 of the Dungeon)
Wands
 z - a wand of scattershot (5)
   (You found it on level 4 of the Dungeon)
Scrolls
 l - 2 scrolls of magic mapping {unknown}
 o - 2 scrolls of random uselessness {unknown}
 p - 3 scrolls of remove curse {unknown}
 s - 2 scrolls of fog {unknown}
 t - a scroll of fear {unknown}
 u - a scroll of immolation {unknown}
 x - a scroll of teleportation {unknown}
Potions
 f - a potion of ambrosia {unknown}
 k - 2 potions of degeneration {unknown}
 n - a potion of resistance {unknown}
 v - a potion of curing {unknown}
Books
 b - a book of Necromancy
 r - a book of Changes
   (You found it on level 2 of the Dungeon)
Comestibles
 c - 3 chunks of flesh {@w0}


   Skills:
 + Level 2.2 Fighting
 + Level 2.2 Short Blades
 + Level 2.2 Long Blades
 + Level 2.2 Axes
 + Level 2.2 Maces & Flails
 + Level 2.2 Polearms
 + Level 2.2 Staves
 + Level 2.2 Slings
 + Level 2.2 Bows
 + Level 2.2 Crossbows
 + Level 2.2 Throwing
 + Level 2.2 Armour
 + Level 5.1 Dodging
 + Level 4.8 Stealth
 + Level 2.2 Shields
 + Level 2.2 Unarmed Combat
 + Level 5.5 Spellcasting
 + Level 1.8 Conjurations
 + Level 1.8 Hexes
 + Level 1.8 Charms
 + Level 1.8 Summonings
 + Level 7.3 Necromancy
 + Level 1.8 Translocations
 + Level 1.8 Transmutations
 + Level 1.8 Fire Magic
 + Level 1.8 Ice Magic
 + Level 1.8 Air Magic
 + Level 1.8 Earth Magic
 + Level 1.8 Poison Magic
 + Level 2.5 Invocations
 + Level 2.2 Evocations


You had 10 spell levels left.
You knew the following spells:

 Your Spells              Type           Power        Failure   Level  Hunger
a - Pain                  Necr           ####         3%          1    None
r - Regeneration          Chrm/Necr      ###.......   30%         3    ##.....
x - Vampiric Draining     Necr           ####......   10%         3    ##.....


Dungeon Overview and Level Annotations

Branches:
Dungeon (4/15)
 Temple: D:4-7

Altars:

Annotations:
D:4 Menkaure


Innate Abilities, Weirdness & Mutations

Your experience applies equally to all skills.
You have very sharp teeth.
Your uncanny sense of smell can sniff out nearby items.


Message History

The ogre barely misses you.
You slash the ogre! The ogre closely misses you.
You slash the ogre! You bite the ogre, but do no damage.
The ogre closely misses you.
You slash the ogre!
You kill the ogre!
No target in view!
No target in view!
No target in view!
No target in view!
No target in view!
No target in view!
No target in view!
No target in view!
Found an escape hatch in the floor.
z - a wand of scattershot (5) No target in view!
An ogre comes into view. It is wielding a giant spiked club.
A frilled lizard, a leopard gecko and a skeleton come into view.
The frilled lizard hisses angrily.
The leopard gecko hisses angrily.
The ogre shouts!
You barely miss the ogre. You hit the adder skeleton.
The adder skeleton bites you but does no damage.
The ogre hits you with a giant spiked club!!
You take 19 damage, and have 25/44 hp.
MASSIVE DAMAGE!!
The adder skeleton closely misses you.
Okay, then.
You hit the frilled lizard.
You kill the frilled lizard!
The leopard gecko bites you but does no damage.
All of the chunks of flesh in your inventory have rotted away.
You hit the leopard gecko.
You feel better.
You kill the leopard gecko!
The adder skeleton barely misses you.
You regained 3 hp, and now have 28/44 hp.
You hit the adder skeleton.
The adder skeleton bites you but does no damage.
Your scale mail prevents you from hitting the adder skeleton.
The adder skeleton closely misses you. The adder skeleton barely misses you.
You closely miss the adder skeleton. You bite the adder skeleton.
The adder skeleton barely misses you.
You hit the adder skeleton. The adder skeleton barely misses you.
The adder skeleton bites you but does no damage.
You closely miss the adder skeleton.
The adder skeleton bites you but does no damage.
You hit the adder skeleton.
You destroy the adder skeleton!
The ogre misses you.
You closely miss the ogre.
The ogre hits you with a giant spiked club!
You take 13 damage, and have 17/44 hp.
MASSIVE DAMAGE!!
Aim: an ogre, wielding a giant spiked club You feel life coursing into your body.
You regained 5 hp, and now have 22/44 hp.
You now have 11/14 mp.
You slash the ogre!
The ogre hits you with a giant spiked club.
You take 4 damage, and have 18/44 hp.
Aim: an ogre, wielding a giant spiked club (severely wounded)
You kill the ogre!
You have reached level 7!
You feel life coursing into your body.
You regained 8 hp, and now have 26/50 hp.
You now have 8/15 mp.
You start resting.
Health restored: 50; MP restored: 15
Okay, then.
Things that are here:
a giant spiked club; a leopard gecko corpse; a frilled lizard corpse You butcher the leopard gecko corpse.
c - 2 chunks of flesh {@w0}
Things that are here:
a giant spiked club; a leopard gecko skeleton; a frilled lizard corpse There isn't anything here!
Things that are here:
a giant spiked club; a leopard gecko skeleton; a frilled lizard corpse You butcher the frilled lizard corpse.
c - 3 chunks of flesh {@w0} (gained 1)
Things that are here:
a giant spiked club; a leopard gecko skeleton There isn't anything to butcher here.
Things that are here:
a giant spiked club; a leopard gecko skeleton Menkaure, Prince of Dust comes into view.
Menkaure shouts!
Menkaure calls on the powers of darkness!
Your body is wracked with pain!
You take 24 damage, and have 26/50 hp.
MASSIVE DAMAGE!!
Menkaure's ankle releases a plume of dust as he confides, "I'm not really a mummy, you know."
Your skin crawls.
You now have 12/15 mp.
Menkaure hits you!!
* * * LOW HITPOINT WARNING * * *
You take 17 damage, and have 11/50 hp.
MASSIVE DAMAGE!!
You hit Menkaure. Menkaure hits you!
You die...

#
...#......##........#######.
######..#......##........#
#.
...............##........#
#.
.#......#......##........#
##
......#........##........#
#.###.#.........+........#
#.....##.......##.........
####.....#......M#.# ∆
####)#####.#....@#.#
...........#.......#
........####....####
........# #....# ........#
#....# ........# ######
........# ........#
........#


You could see Menkaure.

Vanquished Creatures
  4 ogres
  A centaur zombie (D:3)
  An orc wizard (D:3)
  An adder skeleton (D:4)
  4 worms
  4 dart slugs
  4 leopard geckos
  4 orcs (D:3)
  A ball python (D:1)
  5 giant cockroaches
  5 goblins
  6 hobgoblins (D:1)
  17 kobolds
  A quokka (D:2)
  8 bats
  4 frilled lizards
  6 rats
76 creatures vanquished.

Notes
Turn   | Place    | Note
-------+----------+-------------------------------------------
     0 | D:1      | shakethe the Gnoll Necromancer began the quest for the Orb.
     0 | D:1      | Reached XP level 1. HP: 13/13 MP: 6/6
   126 | D:1      | HP: 3/13 [giant cockroach (1)]
   153 | D:1      | Reached XP level 2. HP: 4/19 MP: 1/7
   666 | D:1      | Reached XP level 3. HP: 18/25 MP: 6/9
   811 | D:1      | Reached skill level 5 in Spellcasting
   909 | D:1      | Learned a level 3 spell: Regeneration
   913 | D:1      | Learned a level 3 spell: Vampiric Draining
  1779 | D:2      | Reached skill level 1 in Invocations
  2057 | D:2      | Reached skill level 1 in Fighting
  2057 | D:2      | Reached skill level 1 in Short Blades
  2057 | D:2      | Reached skill level 1 in Long Blades
  2057 | D:2      | Reached skill level 1 in Axes
  2057 | D:2      | Reached skill level 1 in Maces & Flails
  2057 | D:2      | Reached skill level 1 in Polearms
  2057 | D:2      | Reached skill level 1 in Staves
  2057 | D:2      | Reached skill level 1 in Slings
  2057 | D:2      | Reached skill level 1 in Bows
  2057 | D:2      | Reached skill level 1 in Crossbows
  2057 | D:2      | Reached skill level 1 in Throwing
  2057 | D:2      | Reached skill level 1 in Armour
  2057 | D:2      | Reached skill level 1 in Shields
  2057 | D:2      | Reached skill level 1 in Unarmed Combat
  2057 | D:2      | Reached skill level 1 in Evocations
  2270 | D:2      | Noticed an ogre
  2272 | D:2      | Noticed an ogre
  2295 | D:1      | Reached XP level 4. HP: 11/32 MP: 7/11
  2450 | D:1      | Killed an ogre
  2450 | D:1      | Reached skill level 1 in Conjurations
  2450 | D:1      | Reached skill level 1 in Hexes
  2450 | D:1      | Reached skill level 1 in Charms
  2450 | D:1      | Reached skill level 1 in Summonings
  2450 | D:1      | Reached skill level 1 in Translocations
  2450 | D:1      | Reached skill level 1 in Transmutations
  2450 | D:1      | Reached skill level 1 in Fire Magic
  2450 | D:1      | Reached skill level 1 in Ice Magic
  2450 | D:1      | Reached skill level 1 in Air Magic
  2450 | D:1      | Reached skill level 1 in Earth Magic
  2450 | D:1      | Reached skill level 1 in Poison Magic
  2450 | D:1      | Reached XP level 5. HP: 27/37 MP: 5/12
  2490 | D:1      | Killed an ogre
  2490 | D:1      | Reached XP level 6. HP: 25/44 MP: 1/13
  2788 | D:3      | Reached skill level 2 in Invocations
  2936 | D:3      | Reached skill level 5 in Dodging
  3028 | D:3      | Reached skill level 2 in Fighting
  3028 | D:3      | Reached skill level 2 in Short Blades
  3028 | D:3      | Reached skill level 2 in Long Blades
  3028 | D:3      | Reached skill level 2 in Axes
  3028 | D:3      | Reached skill level 2 in Maces & Flails
  3028 | D:3      | Reached skill level 2 in Polearms
  3028 | D:3      | Reached skill level 2 in Staves
  3028 | D:3      | Reached skill level 2 in Slings
  3028 | D:3      | Reached skill level 2 in Bows
  3028 | D:3      | Reached skill level 2 in Crossbows
  3028 | D:3      | Reached skill level 2 in Throwing
  3028 | D:3      | Reached skill level 2 in Armour
  3028 | D:3      | Reached skill level 2 in Shields
  3028 | D:3      | Reached skill level 2 in Unarmed Combat
  3028 | D:3      | Reached skill level 2 in Evocations
  3208 | D:4      | Reached XP level 7. HP: 21/50 MP: 8/15
  3379 | D:4      | Noticed Menkaure
  3392 | D:4      | HP: 11/50 [Menkaure (18)]
  3393 | D:4      | Slain by Menkaure

Skill      XL: |  1  2  3  4  5  6 |
---------------+-------------------+-----
Spellcasting   | 5 |  5.5
Invocations    | 1 2 |  2.5
Fighting       | 1 2 |  2.2
Short Blades   | 1 2 |  2.2
Long Blades    | 1 2 |  2.2
Axes           | 1 2 |  2.2
Maces & Flails | 1 2 |  2.2
Polearms       | 1 2 |  2.2
Staves         | 1 2 |  2.2
Slings         | 1 2 |  2.2
Bows           | 1 2 |  2.2
Crossbows      | 1 2 |  2.2
Throwing       | 1 2 |  2.2
Armour         | 1 2 |  2.2
Shields        | 1 2 |  2.2
Unarmed Combat | 1 2 |  2.2
Evocations     | 1 2 |  2.2
Conjurations   | 1 |  1.8
Hexes          | 1 |  1.8
Charms         | 1 |  1.8
Summonings     | 1 |  1.8
Translocations | 1 |  1.8
Transmutations | 1 |  1.8
Fire Magic     | 1 |  1.8
Ice Magic      | 1 |  1.8
Air Magic      | 1 |  1.8
Earth Magic    | 1 |  1.8
Poison Magic   | 1 |  1.8
Dodging        | 5 |  5.1
Stealth        | |  4.8
Necromancy     | |  7.3

Action                   |  1- 3 |  4- 6 |  7- 9 || total
-------------------------+-------+-------+-------++-------
Melee: Hand axe          |    58 |    41 |       ||    99
       Bite              |     1 |     7 |       ||     8
       War axe           |       |    34 |     1 ||    35
 Cast: Pain              |    25 |       |       ||    25
       Vampiric Draining |     3 |     7 |     1 ||    11
       Regeneration      |       |       |     1 ||     1
  Eat: Ration            |     1 |     2 |       ||     3
       Chunk             |       |     3 |       ||     3
Armor: Robe              |     3 |       |       ||     3
       Scale mail        |    23 |    30 |       ||    53
Dodge: Dodged            |    71 |    45 |       ||   116

Vault maps used:
D:1:      dpeg_arrival_snail, columned_hall_lemuel
D:2:      first_ration
D:4:      uniq_menkaure

Table legend:
 A = Turns spent in this place as a percentage of turns spent in the entire game.
 B = Non-inter-level travel turns spent in this place as a percentage of non-inter-level travel turns spent in the entire game.
 C = Inter-level travel turns spent in this place as a percentage of turns spent in this place.
 D = Turns resting spent in this place as a percentage of non-inter-level travel turns spent in this place.
 E = Turns spent auto-exploring this place as a percentage of non-inter-level travel turns spent in this place.
 F = Non-inter-level travel turns spent in this place divided by the number of levels of this place that you've seen.
                   A       B       C       D       E      F
               +-------+-------+-------+-------+-------+----------------------
         Total | 100.0 | 100.0 |   2.9 |  22.2 |  50.2 | 823.8
       Dungeon | 100.0 | 100.0 |   2.9 |  22.2 |  50.2 | 823.8
               +-------+-------+-------+-------+-------+----------------------

Table legend:
 A = Kills in this place as a percentage of kills in entire the game.
 B = Kills by you in this place as a percentage of kills by you in the entire game.
 C = Kills by friends in this place as a percentage of kills by friends in the entire game.
 D = Other kills in this place as a percentage of other kills in the entire game.
 E = Experience gained in this place as a percentage of experience gained in the entire game.
 F = Experience gained in this place divided by the number of levels of this place that you have seen.
                   A       B       C       D       E      F
               +-------+-------+-------+-------+-------+----------------------
         Total | 100.0 | 100.0 |   N/A |   N/A | 100.0 | 180.5
       Dungeon | 100.0 | 100.0 |   N/A |   N/A | 100.0 | 180.5
               +-------+-------+-------+-------+-------+----------------------
